Map: Pillars of Gold LE

Players

Neeb

  • Race: Protoss Protoss
  • League: Master
  • Spawn Location: 7:00

Scarlett - Winner!

  • Race: Zerg Zerg
  • Spawn Location: 1:00

Event: DreamHack SC2 Masters 2020 Fall

VOD

Have the link to the VOD?

Description

Time

  • Played on: Sept. 13, 2020, 5:47 p.m.
  • Length: 11:19

All games in this series

Show
View Real Time Build Order
Export as new Build Order

Neeb Protoss 

Build Orders: 1 Gate Expand, Oracle Opening, Archon Immortal 

Get SALT Encoding   

  12  0:00  Probe  
  13  0:12  Probe  
  14  0:23  Pylon  
  14  0:29  Probe  
  15  0:41  Probe (Chrono Boost)  
  16  0:46  Gateway  
  16  0:51  Probe (Chrono Boost)  
  16  0:56  Assimilator  
  17  0:58  Probe  
  18  1:10  Probe  
  19  1:23  Probe  
  20  1:34  Nexus  
  20  1:44  Cybernetics Core  
  21  1:47  Probe  
  21  1:53  Assimilator  
  21  1:59  Probe  
  22  2:02  Pylon  
  22  2:11  Probe (Chrono Boost)  
  23  2:17  Adept (Chrono Boost)  
  23  2:21  Probe (Chrono Boost)  
  26  2:26  Probe  
  26  2:29  Stargate  
  27  2:39  Probe (Chrono Boost)  
  27  2:40  Adept  
  30  2:45  Warp Gate  
  30  2:46  Probe (Chrono Boost)  
  32  2:56  Probe x2 (Chrono Boost)  
  33  3:01  Probe (Chrono Boost)  
  33  3:02  Probe  
  33  3:05  Void Ray (Chrono Boost), Gateway  
  35  3:17  Probe  
  35  3:18  Probe  
  41  3:26  Assimilator  
  41  3:29  Pylon  
  41  3:30  Assimilator  
  41  3:31  Probe  
  41  3:33  Probe  
  46  3:41  Oracle  
  46  3:47  Pylon, Probe (Chrono Boost)  
  48  3:49  Probe (Chrono Boost)  
  48  3:59  Probe (Chrono Boost)  
  50  4:04  Probe (Chrono Boost)  
  50  4:05  Probe (Chrono Boost), Pylon  
  51  4:11  Probe  
  51  4:13  Probe  
  53  4:17  Fleet Beacon  
  53  4:21  Stargate  
  53  4:23  Probe  
  54  4:26  Probe  
  55  4:35  Adept, Probe  
  55  4:38  Pylon, Probe  
  59  4:53  Nexus  
  65  5:08  Carrier (Chrono Boost)  
  65  5:11  Carrier (Chrono Boost)  
  65  5:19  Probe x2  
  73  5:26  Pylon  
  73  5:28  Pylon  
  73  5:31  Probe x2  
  75  5:37  Sentry  
  75  5:40  Pylon  
  77  5:43  Probe  
  77  5:44  Sentry, Probe  
  77  5:47  Robotics Facility  
  81  5:56  Forge, Probe x2 (Chrono Boost)  
  83  5:58  Twilight Council  
  83  6:00  Sentry  
  83  6:03  Shield Battery  
  85  6:04  Probe (Chrono Boost)  
  85  6:08  Probe (Chrono Boost)  
  88  6:13  Probe (Chrono Boost)  
  88  6:14  Probe (Chrono Boost)  
  88  6:16  Probe (Chrono Boost)  
  90  6:19  Probe (Chrono Boost)  
  90  6:20  Probe (Chrono Boost)  
  90  6:22  Assimilator, Probe  
  90  6:23  Pylon  
  93  6:26  Assimilator  
  93  6:30  Protoss Ground Weapons Level 1  
  93  6:31  Probe  
  93  6:32  Probe  
  95  6:34  Immortal (Chrono Boost), Charge  
  95  6:39  Probe  
  100  6:43  Probe  
  100  6:45  Pylon  
  101  6:48  Templar Archives  
  101  6:50  Probe  
  102  7:02  Gateway  
  102  7:05  Gateway  
  102  7:06  Observer (Chrono Boost)  
  102  7:07  Pylon  
  103  7:09  Gateway  
  103  7:12  Psionic Storm  
  103  7:19  Gateway  
  103  7:22  Gateway  
  103  7:24  Gateway  
  103  7:25  Immortal (Chrono Boost)  
  103  7:27  Pylon  
  107  7:30  High Templar x2  
  111  7:39  Probe  
  111  7:40  Probe x2  
  114  7:52  Probe x2  
  114  7:53  Nexus  
  114  7:57  Immortal (Chrono Boost)  
  120  7:59  Pylon  
  120  8:03  High Templar  
  120  8:04  High Templar x2  
  120  8:05  Shield Battery, Probe x2  
  128  8:09  Probe  
  128  8:10  High Templar  
  131  8:17  Probe  
  131  8:19  Probe  
  133  8:22  Probe  
  133  8:26  Assimilator  
  134  8:27  Zealot, High Templar, Photon Cannon  
  134  8:28  Zealot x2  
  134  8:32  Assimilator  
  134  8:33  Warp Prism (Chrono Boost), Pylon  
  142  8:40  Protoss Ground Weapons Level 2 (Chrono Boost), Photon Cannon  
  144  8:50  Protoss Air Weapons Level 1  
  144  8:51  Photon Cannon  
  144  8:53  High Templar x2  
  144  8:54  Photon Cannon  
  148  8:59  Shield Battery  
  146  9:04  Photon Cannon  
  146  9:07  Immortal (Chrono Boost)  
  150  9:11  Archon  
  142  9:24  Archon  
  138  9:32  Probe x2  
  138  9:35  Photon Cannon  
  138  9:37  High Templar x2, Photon Cannon  
  138  9:38  High Templar, Immortal (Chrono Boost), Shield Battery  
  146  9:40  Zealot x5  
  160  9:52  Photon Cannon  
  160  9:57  Photon Cannon  
  160  10:01  Zealot x5  
  154  10:15  Zealot  
  154  10:16  Zealot x2  
  142  10:22  Probe  
  142  10:23  Archon  
  124  10:29  Zealot x5  
  124  10:32  Immortal (Chrono Boost)  
  107  10:39  High Templar  
  107  10:40  High Templar x2  
  100  10:53  High Templar x2  
  100  10:54  High Templar  
  100  10:55  Zealot x2  
  110  11:03  Archon  
Show
View Real Time Build Order
Export as new Build Order

Scarlett Zerg - Winner!

Build Orders: Hatch First, Roach Hydra 

Get SALT Encoding   

  12  0:00  Drone  
  13  0:12  Overlord  
  13  0:17  Drone  
  14  0:30  Drone x2  
  16  0:48  Drone x2  
  18  0:57  Hatchery  
  17  0:59  Drone  
  17  1:01  Extractor  
  17  1:15  Spawning Pool  
  16  1:18  Drone  
  16  1:22  Drone  
  18  1:28  Drone  
  19  1:39  Drone  
  20  1:49  Overlord  
  20  2:01  Queen  
  20  2:03  Metabolic Boost  
  20  2:08  Queen  
  22  2:10  Zergling x2  
  22  2:12  Drone  
  22  2:15  Drone  
  27  2:22  Drone  
  28  2:25  Drone  
  29  2:30  Drone  
  29  2:33  Drone  
  31  2:42  Drone  
  32  2:45  Hatchery  
  32  2:49  Zergling x2  
  32  2:53  Overlord  
  32  2:57  Queen  
  34  3:00  Drone  
  34  3:04  Drone  
  36  3:12  Drone  
  37  3:13  Drone  
  37  3:15  Drone x4  
  42  3:21  Queen  
  44  3:32  Overlord  
  44  3:34  Spore Crawler  
  44  3:36  Drone  
  44  3:39  Spore Crawler  
  44  3:40  Drone  
  44  3:43  Overlord  
  44  3:54  Overlord  
  44  3:58  Drone  
  44  3:59  Drone x4  
  49  4:03  Drone  
  49  4:05  Drone, Queen  
  49  4:06  Drone  
  49  4:07  Drone  
  55  4:11  Drone x2  
  57  4:17  Overlord  
  57  4:20  Overlord  
  57  4:21  Evolution Chamber  
  57  4:24  Drone, Overlord  
  56  4:25  Drone  
  56  4:28  Spore Crawler  
  57  4:32  Overlord  
  57  4:33  Drone  
  57  4:37  Drone x5  
  63  4:41  Queen  
  63  4:42  Extractor  
  63  4:43  Extractor  
  63  4:45  Drone x2  
  64  4:51  Drone x4  
  64  4:52  Drone  
  66  4:57  Zergling x4  
  68  5:01  Roach Warren, Zerg Missile Weapons Level 1  
  67  5:09  Drone  
  67  5:11  Drone  
  67  5:12  Extractor  
  67  5:13  Drone  
  69  5:17  Drone x2  
  69  5:18  Drone x3  
  69  5:19  Lair  
  69  5:20  Drone  
  75  5:31  Drone x6, Overlord  
  75  5:34  Extractor  
  80  5:38  Overlord  
  80  5:41  Roach  
  80  5:42  Overlord  
  82  5:46  Roach x4  
  90  5:54  Drone x6  
  96  5:58  Extractor  
  95  6:09  Roach  
  95  6:10  Roach x4  
  105  6:14  Hatchery  
  105  6:15  Overlord  
  105  6:18  Overlord x4  
  104  6:20  Glial Reconstitution  
  104  6:21  Overseer  
  104  6:29  Hydralisk Den  
  104  6:30  Queen x2  
  107  6:33  Queen  
  109  6:41  Drone  
  109  6:42  Drone  
  109  6:43  Spore Crawler  
  110  6:58  Hydralisk x6  
  110  6:59  Hydralisk x4  
  126  7:01  Muscular Augments  
  126  7:04  Zerg Missile Weapons Level 2  
  124  7:10  Evolution Chamber  
  124  7:15  Hydralisk x4  
  131  7:28  Drone x2  
  131  7:29  Drone x7  
  140  7:36  Hydralisk x2  
  144  7:38  Zerg Ground Armor Level 1  
  144  7:41  Hydralisk x3  
  150  7:45  Drone  
  150  7:46  Drone x4  
  150  7:47  Drone  
  150  7:48  Drone  
  157  7:57  Overlord x2  
  157  7:58  Overlord x2  
  156  7:59  Overlord  
  156  8:04  Drone  
  157  8:06  Extractor  
  156  8:13  Grooved Spines  
  156  8:18  Drone x2  
  156  8:22  Hydralisk x9  
  174  8:32  Hydralisk x6  
  186  8:34  Spore Crawler  
  185  8:42  Roach x3  
  185  8:47  Ravager x7  
  198  8:49  Zergling x2  
  198  8:53  Extractor  
  198  9:02  Infestation Pit  
  197  9:05  Lurker Den  
  197  9:07  Hatchery  
  197  9:09  Roach x2  
  198  9:16  Roach x5  
  177  9:28  Roach x5  
  177  9:29  Roach x8  
  176  9:32  Roach x3  
  176  9:37  Roach x3  
  188  9:41  Roach x5  
  188  9:42  Overseer  
  198  9:51  Ravager  
  199  9:57  Hive  
  189  10:08  Roach x8  
  186  10:16  Hydralisk x6  
  186  10:20  Hydralisk x2  
  177  10:23  Hydralisk x2  
  163  10:41  Hydralisk  
  163  10:42  Hydralisk x5  
  173  10:50  Roach x3  
  173  10:51  Roach x3  
  185  11:00  Extractor  

Tags
 
Add a new tag
Caveats
  • Supply blocks, unpowered buildings, or Contaminate may cause inaccurate times.
  • Supply counts are checked every 10 seconds.